AoeStats
← conutunu

Migration

509392051Analyzed
1v1 RM · 7d ago on Sep 26, 2026· 28m 50s· 2 players
Game mode
Random Map
Map size
132×132
Population
200
Speed
Normal
Resources
Standard
Victory
Conquest
Starting age
Dark Age
Ending age
Imperial Age
RankedLock teamsTeams togetherTeam positionsShared explorationLock speedFull tech treeHidden civsTurbo modeCheats
Victory
Defeat
🇮🇹 Vikings · Italy
1012
+15
🇪🇸 Chinese · Spain
1000
-45
conutunu
12:29 Feudal Age
13:01 Double-Bit Axe
13:05 Fishing Lines
19:08 Castle Age
17:03 Gold Mining
19:15 Stone Mining
19:19 Fletching
20:09 Bow Saw
20:10 Gillnets
20:40 Medium Warships
20:51 Horse Collar
22:59 Loom
23:50 Wheelbarrow
28:06 Pikeman
28:47 Squires
29:32 Gold Shaft Mining
Enberto
7:05 Loom
13:41 Feudal Age
14:07 Double-Bit Axe
14:14 Gold Mining
14:18 Stone Mining
14:26 Fishing Lines
15:26 Man-at-Arms
15:52 Arson
20:37 Castle Age
21:35 Bow Saw
21:23 Gillnets
21:03 Long Swordsman
24:05 Elite Skirmisher
25:47 Medium Warships
Connection lost

Rejoining the realm…

Still unreachable

The connection could not be restored.

Session expired

The server has moved on; the page needs a fresh start.